 Dungeon Crawl Stone Soup version 0.30.1-11-g7821555f0a (webtiles) character file.

Game seed: 9057055044741487445

245 SacredBeard the Grave Robber (level 5, -4/38 HPs)
             Began as a Demonspawn Necromancer on Nov 5, 2023.
             Slain by Blork the orc
             ... wielding a +0 battleaxe
              (12 damage)
             ... on level 4 of the Dungeon.
             The game lasted 00:09:04 (3490 turns).

SacredBeard the Grave Robber (DsNe)                 Turns: 3490, Time: 00:09:05

Health: -4/38      AC:  8    Str:  8    XL:     5   Next: 83%
Magic:  5/9        EV: 12    Int: 16    God:
Gold:   152        SH:  0    Dex: 16    Spells: 8/9 levels left

rFire   . . .        s - +2 short sword (elec)
rCold   . . .        (no shield)
rNeg    . . .        u - +2 robe {Will+}
rPois   .            o - +0 helmet
rElec   .            (no cloak)
rCorr   .            (no gloves)
SInv    .            t - +0 pair of boots
Will    +....        m - amulet of regeneration
Stlth   ++           (no ring)
HPRegen 1.06/turn    (no ring)
MPRegen 0.11/turn

%: no passive effects
@: no status effects
A: claws 1, icy blue scales 1, foul stench 1
a: no special abilities


You were on level 4 of the Dungeon.
You visited 1 branch of the dungeon, and saw 4 of its levels.

You collected 251 gold pieces.
You spent 99 gold pieces at shops.

Inventory:

Hand Weapons
 j - a +1 spear of venom
 s - a +2 short sword of electrocution (weapon)
Missiles
 e - 29 stones
Armour
 d - a +1 pair of boots
 o - a +0 helmet (worn)
 t - a +0 pair of boots (worn)
 u - a +2 robe of willpower (worn)
Jewellery
 m - an amulet of regeneration (around neck)
 p - an amulet of the acrobat
Scrolls
 c - 5 scrolls of teleportation
 h - a scroll of enchant weapon {unknown}
 k - a scroll of brand weapon {unknown}
 n - a scroll of fog {unknown}
 r - 2 scrolls of poison {unknown}
 v - a scroll of silence {unknown}
 w - 2 scrolls of noise {unknown}
Potions
 a - a potion of cancellation {unknown}
 b - a potion of magic
 f - a potion of brilliance {unknown}
 g - a potion of might {unknown}
 i - 3 potions of heal wounds {unknown}
 l - a potion of mutation {unknown}
 q - a potion of degeneration {unknown}


   Skills:
 + Level 1.6 Fighting
 + Level 1.0 Throwing
 + Level 1.7 Armour
 - Level 2.0 Dodging
 + Level 2.6 Stealth
 + Level 1.1 Unarmed Combat
 + Level 2.8 Spellcasting
 * Level 5.5 Necromancy


You had 8 spell levels left.
You knew the following spells:

 Your Spells              Type           Power      Damage    Failure   Level
a - Necrotise             Necr           80%        1d8       1%          1

Your spell library contained the following spells:

 Spells                   Type           Power      Damage    Failure   Level
 Vampiric Draining        Necr           20%        2d7       6%          3
 Cigotuvi's Dreadful Rot  Necr/Pois/Air  16%        N/A       14%         2
 Sting                    Tmut/Pois      8%         1d3       19%         1
 Animate Dead             Necr           20%        N/A       19%         4
 Poisonous Vapours        Pois/Air       4%         N/A       28%         2
 Agony                    Necr           20%        N/A       47%         5
 Ignite Poison            Fire/Tmut/Pois 2%         N/A       50%         3
 Mephitic Cloud           Conj/Pois/Air  2%         N/A       50%         3
 Olgreb's Toxic Radiance  Pois           2%         N/A       88%         4
 Freezing Cloud           Conj/Ice/Air   1%         6-21      99%         5


Dungeon Overview and Level Annotations

Branches:
Dungeon (4/15) Zot: 20504
 Temple: D:4-7

Altars:

Shops:
D:2 =   D:3 ?

Annotations:
D:4 Blork the orc


Innate Abilities, Weirdness & Mutations

You have sharp fingernails.
You are partially covered in icy blue scales. (AC +2)
You may rarely emit foul miasma when damaged in melee.


Message History

You emit a cloud of foul miasma!
The sleepcap is engulfed in dark miasma.
The sleepcap is poisoned.
The sleepcap releases spores at you but does no damage.
The sleepcap is engulfed in dark miasma.
The sleepcap looks even sicker.
The sleepcap releases spores at you!
You wake up.
You hit the sleepcap.
The sleepcap is almost destroyed.
The sleepcap is engulfed in dark miasma.
The sleepcap looks even sicker.
The sleepcap seems to slow down.
You destroy the sleepcap!
Your magical contamination has completely faded away.
HP restored.
Magic restored.
Blork the orc comes into view.
He is wielding a +0 battleaxe.
Found 14 gold pieces.
Blork the orc shouts!
Blork the orc writhes in agony!
Blork the orc barely resists.
Blork the orc casts a cantrip, but nothing happens.
Blork the orc writhes in agony.
Blork the orc drinks a potion.
Blork the orc seems to speed up.
Blork the orc writhes in agony.
You hit Blork the orc.
Blork the orc is heavily wounded.
Blork the orc closely misses you.
Blork the orc hits you with a +0 battleaxe!
You hit Blork the orc.
Blork the orc is severely wounded.
Blork the orc hits you with a +0 battleaxe!
You hit Blork the orc.
Blork the orc is severely wounded.
Blork the orc closely misses you.
Blork the orc hits you with a +0 battleaxe!
* * * LOW HITPOINT WARNING * * *
You completely miss Blork the orc.
Blork the orc is severely wounded.
Blork the orc hits you with a +0 battleaxe!
You die...

##.#......####
#.##....##
#.......#
#####.### #.#
#.# #.#
#####.###.#
#.....@o.$#
#.###.##..#
#.# .... #.#
#..# #.. .#
### #


You could see Blork the orc (fast).

Vanquished Creatures
  Terence (D:2)
  A sleepcap (D:4)
  7 gnolls
  2 adders
  2 worms
  5 dart slugs
  2 orcs
  9 endoplasms
  A giant cockroach (D:1)
  2 goblins
  9 hobgoblins
  4 jackals (D:1)
  5 kobolds
  4 quokkas
  3 ball pythons (D:2)
  12 bats
  2 frilled lizards (D:2)
  6 rats
77 creatures vanquished.

Vanquished Creatures (collateral kills)
  A gnoll (D:3)
  A ball python (D:3)
  A giant cockroach (D:2)
  A hobgoblin (D:1)
  A frilled lizard (D:2)
5 creatures vanquished.

Grand Total: 82 creatures vanquished

Notes
Turn   | Place    | Note
-------+----------+-------------------------------------------
     0 | D:1      | SacredBeard the Demonspawn Necromancer began the quest for
                  | the Orb.
     0 | D:1      | Reached XP level 1. HP: 13/13 MP: 3/3
   362 | D:1      | Gained mutation: You may rarely emit foul miasma when
                  | damaged in melee. [demonic ancestry]
   362 | D:1      | Reached XP level 2. HP: 17/19 MP: 0/5
   923 | D:1      | Gained mutation: You have sharp fingernails. [demonic
                  | ancestry]
   923 | D:1      | Reached XP level 3. HP: 25/25 MP: 2/6
  1406 | D:2      | Reached skill level 1 in Armour
  1467 | D:2      | Found Xola's Jewellery Boutique.
  1576 | D:2      | Reached skill level 1 in Fighting
  1600 | D:2      | Gained mutation: You are partially covered in icy blue
                  | scales. (AC +2) [demonic ancestry]
  1600 | D:2      | Reached XP level 4. HP: 17/32 MP: 1/7
  1602 | D:2      | Reached skill level 5 in Necromancy
  1890 | D:2      | Noticed Terence
  1908 | D:2      | Killed Terence
  2026 | D:2      | Reached XP level 5. HP: 37/37 MP: 3/8
  2626 | D:3      | Reached skill level 1 in Throwing
  2626 | D:3      | Reached skill level 1 in Unarmed Combat
  2922 | D:3      | Found Muecsoph's Magic Scroll Boutique.
  2939 | D:3      | Bought a scroll of teleportation for 33 gold pieces
  2939 | D:3      | Bought a scroll of teleportation for 33 gold pieces
  2939 | D:3      | Bought a scroll of teleportation for 33 gold pieces
  3481 | D:4      | Noticed Blork the orc
  3490 | D:4      | Slain by Blork the orc

Illustrated notes

Levels and vault maps discovered:
D:1:      ebering_trefoil_twist, layout_basic
D:2:      layout_loops_ring, serial_shops, shop, minmay_fractal_squares_5,
          uniq_crazy_yiuf_cottage, uniq_terence
D:3:      layout_rooms, serial_shops, nicolae_diamond_shop, minmay_pentangle
D:4:      layout_loops_corners, grunt_temple_overflow_open, lemuel_round_altar,
          lemuel_temple_firewalk_b, serial_bayou_pond_e, uniq_blork_the_orc

Skill      XL: |  1  2  3  4  5 |
---------------+----------------+-----
Dodging        | 2 |  2.0
Stealth        | 2 |  2.6
Armour         | 1 |  1.7
Fighting       | 1 |  1.6
Necromancy     | 5 |  5.5
Throwing       | 1 |  1.0
Unarmed Combat | 1 |  1.1
Spellcasting   | |  2.8

Action                     |  1- 3 |  4- 6 || total
---------------------------+-------+-------++-------
  Melee: Unarmed           |    27 |       ||    27
         Spear             |    18 |    32 ||    50
         Short sword       |       |     9 ||     9
   Cast: Necrotise         |    59 |    82 ||   141
   Stab: Sleeping          |       |     1 ||     1
 Armour: Robe              |    17 |    11 ||    28
         Leather armour    |     4 |     5 ||     9
  Dodge: Dodged            |    62 |    34 ||    96
